 Dungeon Crawl Stone Soup version 0.29.0-4-gdea44cf6ec (webtiles) character file.

Game seed: 13370677227627337569

26 qw the Chopper (level 2, 0/26 HPs)
             Began as a Minotaur Berserker on Sept 9, 2022.
             Was a Follower of Trog.
             Succumbed to their own poison gas
             ... on level 1 of the Dungeon.
             The game lasted 00:00:20 (727 turns).

qw the Chopper (Minotaur Berserker)                  Turns: 727, Time: 00:00:21

Health: 0/26       AC: 12    Str: 21    XL:     2   Next: 89%
Magic:  1/1        EV:  6    Int:  4    God:    Trog [*.....]
Gold:   43         SH:  0    Dex:  9    Spells: 1/1 levels left

rFire   . . .      SeeInvis .   Y - +0 hand axe
rCold   . . .      Faith    .   (no shield)
rNeg    . . .      Spirit   .   d - +0 plate armour
rPois   .          Reflect  .   (helmet restricted)
rElec   .          Harm     .   (no cloak)
rCorr   .          Rampage  .   (no gloves)
Will    .....                   f - +0 pair of boots
Stlth   ..........              (no amulet)
HPRegen 0.08/turn               (no ring)
MPRegen 0.07/turn               (no ring)

@: lethally poisoned (0 -> -3)
A: horns 2, retaliatory headbutt
a: Renounce Religion, Berserk


You were on level 1 of the Dungeon.
You worshipped Trog.
Trog was aware of your devotion.
You visited 1 branch of the dungeon, and saw 1 of its levels.

You collected 43 gold pieces.


Innate Abilities, Weirdness & Mutations

You have a pair of horns on your head.
You reflexively headbutt those who attack you in melee.


   Skills:
 - Level 3.6 Fighting
 + Level 5.0 Axes
 - Level 2.4 Armour
 - Level 2.1 Dodging


You had one spell level left.
You didn't know any spells.
Your spell library was empty.

Inventory:

Hand Weapons
 g - a +0 club
 Y - a +0 hand axe (weapon)
Armour
 d - a +0 plate armour (worn)
 f - a +0 pair of boots (worn)
Potions
 c - a potion of attraction {unknown}
 e - a potion of berserk rage {unknown}
 h - a potion of might {unknown}
 i - a potion of mutation {unknown}
 j - a potion of curing {unknown}

Dungeon Overview and Level Annotations

Branches:
Dungeon (1/15)

Altars:


Message History

It is a scroll of identify.
Really abort (and waste the scroll)?
Done exploring.
717 ||| READING scroll labelled KOEKAJY XUMEDE.
As you read the scroll labelled KOEKAJY XUMEDE, it crumbles to dust.
It is a scroll of amnesia.
You feel forgetful for a moment.
Done exploring.
718 ||| READING scroll labelled XER SOCEMUTTYX.
Blink to where?
Press: ? - help, Dir - move target, f - you Are you sure you want to cancel this blink?
As you read the scroll labelled XER SOCEMUTTYX, it crumbles to dust.
It was a scroll of blinking.
Done exploring.
(D) Dungeon
Where to? (* - list waypoints, ? - help)
What level of the Dungeon? (default 1, ? - help) Sorry, I don't know how to get there.
Done exploring.
719 ||| Stepping randomly (stuck).
Really walk into that cloud of poison gas?
You are engulfed in poison gas.
You are poisoned.
You feel very sick.
720 ||| Stepping ~*~*~tactically~*~*~ (cloud).
You feel very sick.
You see here a +0 animal skin.
There is a lethal amount of poison in your body!
You feel very sick.
There is a lethal amount of poison in your body!
You feel sick.
There is a lethal amount of poison in your body!
You feel sick.
There is a lethal amount of poison in your body!
You feel sick.
There is a lethal amount of poison in your body!
You feel sick.
There is a lethal amount of poison in your body!
You feel sick.
There is a lethal amount of poison in your body!
You die...

#...####### ##.###......
#..## #..# ###..#. ####
##0#####....#
############0.##....##.#
#.....0¤0##..##..#####.#
#00.0.¤.¤..0##..## #..
#0..¤¤.0..###..## ##.
#0.0¤¤0¤.0###¤####### #.
#0.¤00¤@0..00¤.....)###.
#0..¤¤..0.##0.#####.....
#.0.¤...00#..## ######
#########..¤## #.
####0### ##. #....#
#########.. #)####
#.........# ##.#
#.........# #..#
#.........#


There were no monsters in sight!

Vanquished Creatures
  A dart slug (D:1)
  3 endoplasms (D:1)
  2 giant cockroaches (D:1)
  3 goblins (D:1)
  4 hobgoblins (D:1)
  2 quokkas (D:1)
  2 bats (D:1)
  A kobold (D:1)
  3 rats (D:1)
21 creatures vanquished.

Notes
Turn   | Place    | Note
-------+----------+-------------------------------------------
     0 | D:1      | qw the Minotaur Berserker began the quest for the Orb.
     0 | D:1      | Reached XP level 1. HP: 19/19 MP: 0/0
     0 | D:1      | 0 ||| qw: Version: 0.1-a-113-g051387a
     0 | D:1      | 0 ||| qw: Game counter: 7018
     0 | D:1      | 0 ||| qw: Always use a shield: true
     0 | D:1      | 0 ||| qw: Do Orc after D:15 true
     0 | D:1      | 0 ||| qw: Do second Lair branch before Depths: true
     0 | D:1      | 0 ||| qw: Lair rune preference: random
     0 | D:1      | 0 ||| qw: Plans: Normal
     0 | D:1      | 0 ||| PLANNING D:1-11
    47 | D:1      | Reached skill level 4 in Axes
   156 | D:1      | Reached XP level 2. HP: 25/26 MP: 1/1
   218 | D:1      | 218 ||| Stepping ~*~*~tactically~*~*~ (stealth).
   594 | D:1      | Reached skill level 5 in Axes
   698 | D:1      | 698 ||| UPGRADING to +0 plate armour.
   708 | D:1      | 708 ||| DROPPING +0 animal skin.
   709 | D:1      | 709 ||| UPGRADING to +0 pair of boots.
   714 | D:1      | 714 ||| READING scroll labelled IRORIDADWO.
   715 | D:1      | 715 ||| READING scroll labelled XUUQEZO MAMAWN.
   716 | D:1      | 716 ||| READING scroll labelled LITOKUURASO.
   717 | D:1      | 717 ||| READING scroll labelled KOEKAJY XUMEDE.
   718 | D:1      | 718 ||| READING scroll labelled XER SOCEMUTTYX.
   719 | D:1      | 719 ||| Stepping randomly (stuck).
   720 | D:1      | 720 ||| Stepping ~*~*~tactically~*~*~ (cloud).
   722 | D:1      | HP: 6/26 [poisoned by you (poison gas)]
   725 | D:1      | HP: 1/26 [poisoned by you (poison gas)]
   727 | D:1      | Succumbed to their own poison gas

Levels and vault maps discovered:
D:1:      lightli_arrival_maybe_door_vault, layout_rooms, minmay_small_reverse_x

Skill      XL: |  1  2 |
---------------+-------+-----
Axes           | 4 5 |  5.0
Fighting       | |  3.6
Armour         | |  2.4
Dodging        | |  2.1

Action                   || total
-------------------------++-------
Melee: Hand axe          ||    42
       Headbutt          ||    11
  Use: Scroll            ||     5
Armor: Animal skin       ||     3
Dodge: Dodged            ||    20

Table legend:
 A = Non-vault XP
 B = Vault XP
 C = Vault XP percentage of total XP
 D = Non-vault monster count
 E = Vault monster count
 F = Vault count percentage of total count
                 A         B        C        D         E       F
            +---------+---------+-------+---------+---------+-------
      Total |      30 |       8 |  21.1 |      17 |       4 |  19.0
            +---------+---------+-------+---------+---------+-------
        D:1 |      30 |       8 |  21.1 |      17 |       4 |  19.0
            +---------+---------+-------+---------+---------+-------
